 Dungeon Crawl Stone Soup version 0.27-a0-1065-ge809cff456 (webtiles) character file.

Game seed: 4006545822177158852

33375 tardwrangler69 the Nimble (level 13, -20/98 HPs)
             Began as an Octopode Earth Elementalist on Apr 22, 2021.
             Was an Initiate of Gozag.
             Demolished by a boulder beetle (31 damage)
             ... on level 10 of the Dungeon.
             The game lasted 00:32:36 (22512 turns).

tardwrangler69 the Nimble (OpEE)                   Turns: 22512, Time: 00:32:36

Health: -20/98     AC:  2    Str:  8    XL:     13   Next: 70%
Magic:  14/22      EV: 19    Int: 27    God:    Gozag
Gold:   2945       SH:  5    Dex: 13    Spells: 15/24 levels left

rFire    . . .     SeeInvis .   q - staff of earth
rCold    + + +     Faith    .   (no shield)
rNeg     + . .     Spirit   .   p - +1 hat of Time Monsters {rPois rC+++ rCorr Stlth-}
rPois    +         Reflect  +   v - amulet of reflection
rElec    .         Harm     .   d - +6 ring of intelligence
rCorr    +         Rampage  .   r - ring of positive energy
Will     .....                  G - ring of poison resistance
Stlth    ++........             (no ring)
HPRegen  0.26/turn              (no ring)
MPRegen  0.18/turn              (no ring)
                                (no ring)
                                (no ring)

@: no status effects
A: almost no armour, amphibious, 8 rings, camouflage 1, gelatinous body 1,
(nimble swimmer 1), tentacles
a: Renounce Religion, Potion Petition, Call Merchant, Bribe Branch


You were on level 10 of the Dungeon.
You worshipped Gozag.
Gozag was most pleased with you.
You visited 3 branches of the dungeon, and saw 17 of its levels.
You also visited: Ossuary and Ice Cave.

You collected 3211 gold pieces.
You spent 131 gold pieces at shops.
You paid 135 gold pieces to Gozag.

Inventory:

Hand Weapons
 m - a +1 trident of venom
 u - a +2 dagger of electrocution
Missiles
 b - 117 stones
Armour
 p - the +1 hat of Time Monsters (worn) {rPois rC+++ rCorr Stlth-}
   (You found it on level 8 of the Dungeon)

   It renders you almost immune to cold.
   It protects you from poison.
   It protects you from acid and corrosion.
   It makes you less stealthy.
Magical Staves
 q - a staff of earth (weapon)
Jewellery
 c - an amulet of regeneration
 d - a +6 ring of intelligence (left tentacle)
 r - a ring of positive energy (right tentacle)
 v - an amulet of reflection (around mantle)
 G - a ring of poison resistance (on tentacle)
Wands
 s - a wand of digging (8)
 x - a wand of polymorph (12)
 A - a wand of paralysis (18)
 B - a wand of acid (13)
Scrolls
 f - 10 scrolls of identify
 i - 3 scrolls of enchant armour
 j - 7 scrolls of magic mapping
 l - 4 scrolls of teleportation
 o - 4 scrolls of amnesia
 y - 4 scrolls of fog {unknown}
 D - 2 scrolls of enchant weapon
Potions
 a - 2 potions of invisibility
 e - 3 potions of cancellation
 g - 5 potions of might
 h - 4 potions of ambrosia
 k - a potion of curing
 n - 3 potions of attraction
 t - a potion of resistance {unknown}
 w - 2 potions of lignification
 z - 3 potions of mutation {unknown}
 C - 4 potions of berserk rage


   Skills:
 - Level 12.6 Fighting
 + Level 9.0 Polearms
 - Level 12.8 Dodging
 - Level 2.6 Stealth
 - Level 6.0 Spellcasting
 - Level 4.0 Conjurations
 - Level 1.0 Transmutations
 - Level 9.0 Earth Magic


You had 15 spell levels left.
You knew the following spells:

 Your Spells              Type           Power      Damage    Failure   Level
a - Sandblast             Erth           100%       2d20      1%          1
b - Stone Arrow           Conj/Erth      100%       3d13      1%          3
c - Lee's Rapid Deconstr  Erth           35%        3d19*     4%          5

Your spell library contained the following spells:

 Spells                   Type           Power      Damage    Failure   Level
 Passwall                 Tmut/Erth      42%        N/A       1%          2
 Foxfire                  Conj/Fire      72%        2x1d7     2%          1
 Animate Skeleton         Necr           16%        N/A       6%          1
 Apportation              Tloc           16%        N/A       6%          1
 Corona                   Hex            8%         N/A       6%          1
 Pain                     Necr           32%        1d5       6%          1
 Summon Small Mammal      Summ           32%        N/A       6%          1
 Conjure Flame            Conj/Fire      18%        6-21      9%          3
 Dazzling Flash           Conj/Hex       36%        N/A       9%          3
 Petrify                  Tmut/Erth      51%        N/A       9%          4
 Ensorcelled Hibernation  Hex/Ice        16%        N/A       10%         2
 Confusing Touch          Hex            8%         N/A       19%         3
 Inner Flame              Hex/Fire       8%         N/A       19%         3
 Tukima's Dance           Hex            8%         N/A       19%         3
 Vampiric Draining        Necr           4%         2d6       19%         3
 Sticky Flame             Conj/Fire      18%        2d4       28%         4
 Animate Dead             Necr           4%         N/A       54%         4
 Cause Fear               Hex            4%         N/A       54%         4
 Fireball                 Conj/Fire      9%         3d6       61%         5
 Yara's Violent Unravell  Hex/Tmut       5%         3d4       82%         5
 Agony                    Necr           8%         N/A       87%         5
 Silence                  Hex/Air        4%         N/A       87%         5
 Discord                  Hex            4%         N/A       100%        8


Dungeon Overview and Level Annotations

Branches:
Dungeon (11/15)            Temple (1/1) D:7            Lair (5/6) D:10
 Shoals (0/4) Lair:2       Spider (0/4) Lair:3      Ossuary (visited)
  IceCv (visited)
  Slime: Lair:5-6       Orc: D:9-12

Altars:
Ashenzari
Cheibriados
Dithmenos
Elyvilon
Fedhas
Gozag
Hepliaklqana
Kikubaaqudgha
Makhleb
Nemelex Xobeh
Okawaru
Qazlal
Ru
Sif Muna
Trog
Uskayaw
Vehumet
Wu Jian
Xom
Yredelemnul
Zin
The Shining One

Shops:
D:2 [:   D:4 !   D:7 *

Annotations:
D:3 3 runed translucent doors, HendSelp's ghost, amateur MiGl
Lair:5 Rupert


Innate Abilities, Weirdness & Mutations

You cannot wear most types of armour.
You are amphibious.
You can wear up to eight rings at the same time.
Your skin changes colour to match your surroundings (Stealth+).
Your rubbery body absorbs attacks. (AC +1, EV +1)
((You are camouflaged near water. (Stealth+)))
You have tentacles for arms and can constrict up to eight enemies at once.


Message History

The stone arrow hits the vampire mosquito!!
The vampire mosquito is severely damaged.
The vampire mosquito completely misses you.
The vampire mosquito closely misses you.
The vampire mosquito misses you. The boulder beetle hits you!!!
The boulder beetle stops rolling and uncurls.
The vampire mosquito barely misses you.
You climb upwards.
There is a stone staircase leading down here.
Casting: Stone Arrow (safe; 1% risk of failure)
Confirm with . or Enter, or press ? or * to list all spells.
Aiming: Stone Arrow (safe; 1% risk of failure)
Press: ? - help, Shift-Dir - straight line, f - boulder beetle
Aim: a boulder beetle (100% to hit)
You feel a surge of power!
The stone arrow hits the boulder beetle!
The boulder beetle is lightly wounded.
The vampire mosquito barely misses you. The boulder beetle bites you!!
Casting: Stone Arrow (safe; 1% risk of failure)
Confirm with . or Enter, or press ? or * to list all spells.
Aiming: Stone Arrow (safe; 1% risk of failure)
Press: ? - help, Shift-Dir - straight line, f/p - boulder beetle
Aim: a boulder beetle (lightly wounded, 100% to hit)
You feel a surge of power!
The stone arrow hits the boulder beetle but does no damage.
The boulder beetle is lightly wounded.
The vampire mosquito misses you.
The vampire mosquito closely misses you.
The boulder beetle bites you!
* * * LOW HITPOINT WARNING * * *
The vampire mosquito bites you!
* * * LOW HITPOINT WARNING * * *
The vampire mosquito draws strength from your injuries!
There is an open door, spattered with blood here.
You feel better. The vampire mosquito bites you.
* * * LOW HITPOINT WARNING * * *
The vampire mosquito draws strength from your injuries!
The boulder beetle bites you!!
You die...
Your body crumbles into a pile of gold.

##.# ##.#
####'###########'########
........##..............#
........#...............#
........#...............#
........#...............#
....................)...#
........##......By......#
####'###########@########
##.# #.# ###..# ##.#
....## #>.## .#### #...#
##### ###.#
....#############.########
....'..).))#.............#
....######......)........#


You could see a boulder beetle and a vampire mosquito.

Vanquished Creatures
  4 hydras
  A boulder beetle (Lair:2)
  2 skeletal warriors (D:8)
  A necromancer (IceCv)
  8 elephants
  2 ice statues (IceCv)
  Joseph (D:7)
  3 black mambas
  Maurice (D:11)
  Maggie (D:6)
  3 komodo dragons
  11 cane toads
  2 rime drakes
  Psyche (D:9)
  9 ice devils (IceCv)
  2 freezing wraiths
  2 polar bears (Lair:2)
  Grinder (D:4)
  Prince Ribbit (D:7)
  A shadow (D:8)
  2 wraiths (Ossuary)
  4 wyverns
  28 yaks
  2 basilisks
  A steam dragon (D:7)
  A fire elemental (Lair:3)
  3 vampire mosquitoes (D:10)
  Edmund (D:6)
  Menkaure (D:6)
  11 water moccasins
  A hornet zombie (D:6)
  5 orc warriors
  2 black bears
  3 sky beasts
  6 wolves (Lair:4)
  4 ogres
  12 centaurs
  2 kobold brigands
  13 bullfrogs
  A scorpion (D:6)
  50 killer bees
  8 wights
  2 howler monkeys (D:8)
  5 electric eels
  A jelly (D:6)
  A bullfrog zombie (D:6)
  3 draconian simulacra (IceCv)
  A hound (D:5)
  4 orc priests
  2 centaur zombies
  A bullfrog skeleton (D:4)
  2 centaur skeletons
  Crazy Yiuf (D:7)
  4 iguanas
  3 orc wizards
  A troll simulacrum (IceCv)
  A centaur simulacrum (IceCv)
  A hound zombie (D:5)
  Robin (D:4)
  5 adders
  3 naga simulacra (IceCv)
  2 ogre simulacra (IceCv)
  13 white imps
  An ufetubus (D:6)
  3 worms
  31 orcs
  11 endoplasms
  5 giant cockroaches
  14 goblins
  7 hobgoblins
  9 jackals
  13 kobolds
  3 quokkas
  7 ball pythons
  3 ball python skeletons (Ossuary)
  7 bats
  7 frilled lizards
  2 hobgoblin skeletons (Ossuary)
  A hobgoblin zombie (Ossuary)
  2 kobold zombies (Ossuary)
  An orc skeleton (Ossuary)
  2 rats
404 creatures vanquished.

Vanquished Creatures (others)
  12 fungi
  22 plants
34 creatures vanquished.

Grand Total: 438 creatures vanquished

Notes
Turn   | Place    | Note
-------+----------+-------------------------------------------
     0 | D:1      | tardwrangler69 the Octopode Earth Elementalist began the
                  | quest for the Orb.
     0 | D:1      | Reached XP level 1. HP: 11/11 MP: 3/3
   101 | D:1      | Reached XP level 2. HP: 17/17 MP: 0/5
   537 | D:1      | Reached XP level 3. HP: 21/21 MP: 6/6
   863 | D:2      | Found Qigh's Antique Armour Boutique.
   948 | D:2      | Found Roraafid's Book Shop.
  1294 | D:2      | Found a faded altar of an unknown god.
  1330 | D:3      | Noticed an ogre
  1333 | D:3      | Killed an ogre
  1334 | D:3      | Reached XP level 4. HP: 27/27 MP: 4/8
  1334 | D:3      | Reached XP level 5. HP: 31/31 MP: 4/9
  1395 | D:3      | Reached skill level 5 in Earth Magic
  1422 | D:3      | Found a stormy altar of Qazlal.
  1579 | D:3      | Found a runed translucent gate.
  1579 | D:3      | Found a runed translucent gate.
  1580 | D:3      | Found a runed translucent gate.
  1582 | D:3      | Noticed HendSelp's ghost (amateur MiGl)
  1981 | D:3      | Reached XP level 6. HP: 29/36 MP: 9/11
  2176 | D:4      | Found an ancient bone altar of Kikubaaqudgha.
  2176 | D:4      | Found a hide-covered altar of Uskayaw.
  2290 | D:4      | Found Zulinan's Distillery.
  2330 | D:4      | Found a sand-covered staircase.
  2379 | Ossuary  | Entered an ossuary
  2488 | Ossuary  | Noticed a flying skull
  2488 | Ossuary  | Noticed a wraith
  2501 | Ossuary  | Noticed a flying skull
  2530 | Ossuary  | Noticed a flying skull
  2554 | Ossuary  | Noticed a flying skull
  2599 | Ossuary  | Noticed a wraith
  2607 | Ossuary  | Killed a wraith
  2608 | Ossuary  | Reached XP level 7. HP: 23/41 MP: 4/13
  2686 | Ossuary  | Noticed a wraith
  2694 | Ossuary  | Killed a wraith
  3132 | D:4      | Learned a level 3 spell: Stone Arrow
  3138 | D:4      | Learned a level 5 spell: Lee's Rapid Deconstruction
  3170 | D:4      | Reached skill level 5 in Spellcasting
  3170 | D:4      | Reached XP level 8. HP: 46/46 MP: 13/15
  3180 | D:4      | Noticed Grinder
  3185 | D:4      | Killed Grinder
  3186 | D:4      | Reached skill level 1 in Conjurations
  3211 | D:4      | Noticed Robin
  3226 | D:4      | Killed Robin
  3692 | D:5      | Entered Level 5 of the Dungeon
  4012 | D:5      | Reached XP level 9. HP: 33/51 MP: 16/18
  4471 | D:6      | Noticed Menkaure
  4566 | D:6      | Reached skill level 1 in Fighting
  4567 | D:6      | Killed Menkaure
  4637 | D:6      | Noticed Maggie
  4650 | D:6      | Killed Maggie
  4720 | D:6      | Noticed Edmund
  4738 | D:6      | Killed Edmund
  5525 | D:7      | Reached skill level 5 in Dodging
  5626 | D:7      | Found a staircase to the Ecumenical Temple.
  5638 | Temple   | Entered the Ecumenical Temple
  5919 | Temple   | Became a worshipper of Gozag Ym Sagoz the Greedy
  6022 | D:7      | Noticed Prince Ribbit
  6023 | D:7      | Noticed Joseph
  6278 | D:7      | Killed Prince Ribbit
  6279 | D:7      | Reached skill level 5 in Fighting
  6279 | D:7      | Reached XP level 10. HP: 66/66 MP: 12/19
  6351 | D:7      | Killed Joseph
  6784 | D:7      | Found Nothiar's Assorted Antiques.
  6788 | D:7      | Bought a scroll of teleportation for 57 gold pieces
  6788 | D:7      | Bought a scroll of teleportation for 57 gold pieces
  6788 | D:7      | Bought a bubbling golden potion for 17 gold pieces
  7648 | D:7      | Found an ornate altar of the Wu Jian Council.
  7688 | D:7      | Found a runed translucent door.
  7689 | D:7      | Noticed Crazy Yiuf
  7880 | D:7      | Killed Crazy Yiuf
  8005 | D:8      | Identified the +1 hat of Time Monsters {rPois rC+++ rCorr
                  | Stlth-}
  8771 | D:8      | Noticed a skeletal warrior
  8781 | D:8      | Killed a skeletal warrior
  8941 | D:8      | Noticed a death knight
  8942 | D:8      | Noticed a skeletal warrior
  8956 | D:7      | Reached XP level 11. HP: 78/78 MP: 15/20
  9201 | D:8      | Killed a skeletal warrior
  9370 | D:9      | Noticed Psyche
  9375 | D:9      | Killed Psyche
 10532 | D:10     | Entered Level 10 of the Dungeon
 11036 | D:10     | Reached skill level 10 in Dodging
 11399 | D:10     | Found a staircase to the Lair.
 11836 | D:11     | Noticed Maurice
 11838 | D:11     | Noticed a boulder beetle
 11840 | D:11     | Noticed a manticore
 11841 | D:11     | Killed Maurice
 11842 | D:11     | Reached skill level 10 in Fighting
 12202 | Lair:1   | Entered Level 1 of the Lair of Beasts
 13518 | Lair:1   | Reached XP level 12. HP: 89/89 MP: 19/21
 15135 | Lair:2   | Found a frozen archway.
 15260 | IceCv    | Entered an ice cave
 16646 | IceCv    | Identified the +2 robe "Jushroary" {Dex+4}
 16733 | Lair:2   | Found a staircase to the Shoals.
 17429 | Lair:2   | Noticed a seven-headed hydra
 17933 | Lair:2   | Reached XP level 13. HP: 90/98 MP: 1/22
 18176 | Lair:2   | Reached skill level 1 in Polearms
 19085 | Lair:3   | Reached skill level 5 in Polearms
 19463 | Lair:3   | Found a hole to the Spider Nest.
 21780 | Lair:5   | Noticed Rupert
 22512 | D:10     | Demolished by a boulder beetle

Illustrated notes

Levels and vault maps discovered:
D:1:      amcnicky_arrival_abandoned_market, layout_basic, minmay_vboxes
D:2:      layout_rooms, serial_shops, shop, shop,
          shapermc_ecumenical_altar_hornbeckon, serial_bayou_pond_d
D:3:      layout_basic, lemuel_tele_altar, gammafunk_ghost_necromancy
D:4:      layout_basic, chequers_temple_overflow_statue_of_worship,
          enter_ossuary_2, serial_shops, kennysheep_mini, roderic_filled_cross,
          feat_on_display, uniq_grinder, uniq_robin
D:5:      layout_loops_cross
D:6:      layout_rooms, minmay_splitting_lines, uniq_menkaure, uniq_maggie,
          uniq_edmund
D:7:      layout_rooms, kennysheep_mini_moat, minmay_temple_entry_butterflies,
          serial_shops, shop_statue, roderic_roman_lattice, chequers_big_river,
          grunt_decor_resistance, centaur_isle, uniq_prince_ribbit1,
          uniq_crazy_yiuf_cottage, uniq_joseph
D:8:      layout_loops_ring, minmay_microvault
D:9:      layout_basic, kennysheep_generic_room_11, uniq_psyche
D:10:     layout_roguey, lair_entry_dummy
D:11:     layout_cave_pools, amcnicky_mini_pool_small, uniq_maurice
Temple:   dpeg_five_rooms_temple
Lair:1:   wad_woods_minihive, layout_cave_pods
Lair:2:   layout_hall_layers, elwin_shoals_entry_rocks,
          portal_ice_cave_entry_imps, serial_bayou_shore_b,
          infiniplex_staircase_pool_2
Lair:3:   layout_gridlike, spider_nest_entry_a
Lair:4:   layout_roguey, st_stairs_5, grunt_forest_small_clearing_treed
Lair:5:   layout_cave_shapes, basic_altar, uniq_rupert

Skill      XL: |  1  2  3  4  5  6  7  8  9 10 11 12 13 |
---------------+----------------------------------------+-----
Earth Magic    | 4 5 6 7 9 |  9.0
Spellcasting   | 3 4 5 6 |  6.0
Conjurations   | 3 4 |  4.0
Fighting       | 5 8 10 12 | 12.6
Dodging        | 5 8 11 12 | 12.8
Polearms       | 9 |  9.0
Stealth        | |  2.6
Transmutations | |  1.0

Action                   |  1- 3 |  4- 6 |  7- 9 | 10-12 | 13-15 || total
-------------------------+-------+-------+-------+-------+-------++-------
Melee: Unarmed           |    28 |       |       |       |       ||    28
       Constrict         |    21 |    19 |    21 |    12 |       ||    73
       Tentacles         |    15 |     4 |    14 |    11 |       ||    44
       Dagger            |    67 |    12 |       |       |       ||    79
       Trident           |       |    64 |    96 |    40 |       ||   200
       Staff             |       |       |     2 |    10 |     2 ||    14
 Cast: Sandblast         |    19 |    24 |    61 |   153 |    19 ||   276
       Stone Arrow       |       |       |    30 |   189 |   101 ||   320
       Lee's Rapid Decon |       |       |       |    39 |     9 ||    48
Evoke: Wand              |       |       |       |       |     1 ||     1
  Use: Potion            |     2 |       |     1 |     5 |     1 ||     9
       Scroll            |       |     3 |     9 |     9 |     3 ||    24
 Stab: Sleeping          |    10 |    14 |     6 |       |       ||    30
Armor: Skin              |    13 |     6 |    37 |    20 |     1 ||    77
Dodge: Dodged            |    89 |    33 |   101 |   230 |    52 ||   505
Block: Other             |       |       |     1 |    77 |    12 ||    90
       Reflection        |       |       |       |     9 |       ||     9

Table legend: (Time is in decaauts)
 A = Elapsed time spent in this place.
 B = Non-inter-level travel time spent in this place.
 C = Inter-level travel time spent in this place.
 D = Time resting spent in this place.
 E = Time spent auto-exploring this place.
 F = Levels seen in this place.
 G = Mean time per level.
                   A        B        C        D        E       F      G
               +--------+--------+--------+--------+--------+-----+--------+
         Total |  22605 |  21573 |   1032 |   1239 |  17429 |  19 | 1189.7 |
       Dungeon |  12774 |  12250 |    524 |    848 |   9680 |  11 | 1161.3 |
        Temple |    333 |    245 |     88 |      0 |    244 |   1 |  333.0 |
          Lair |   7632 |   7213 |    419 |    262 |   6131 |   5 | 1526.4 |
       Ossuary |    429 |    429 |      0 |      0 |    295 |   1 |  429.0 |
      Ice Cave |   1435 |   1435 |      0 |    129 |   1079 |   1 | 1435.0 |
               +--------+--------+--------+--------+--------+-----+--------+

Top non-repeatable levels by time:
    D:10: 2757 daAuts
  Lair:2: 2161 daAuts
  Lair:4: 2101 daAuts
     D:7: 2010 daAuts
  Lair:1: 1967 daAuts
   IceCv: 1435 daAuts
     D:6: 1241 daAuts
     D:9: 1240 daAuts
     D:8: 1230 daAuts
     D:4: 1101 daAuts
  Lair:3: 1033 daAuts
     D:3: 949 daAuts
     D:1: 855 daAuts
     D:5: 724 daAuts
     D:2: 481 daAuts
